 Dungeon Crawl Stone Soup version 0.30-a0-1176-gcdfb0321a8 (webtiles) character file.

Game seed: 17809705937720948786

80026 Majang the Impaler (level 15, -4/126 HPs)
             Began as a Merfolk Gladiator on Apr 30, 2023.
             Was the Champion of the Shining One.
             Shot with an arrow by a satyr (25 damage)
             ... on level 1 of the Shoals.
             The game lasted 01:59:30 (26628 turns).

Majang the Impaler (Merfolk Gladiator)             Turns: 26628, Time: 01:59:31

Health: -4/126     AC: 29    Str: 21    XL:     15   Next: 65%
Magic:  22/22      EV:  2    Int:  9    God:    the Shining One [******]
Gold:   2028       SH:  0    Dex: 15    Spells: 14/14 levels left

rFire   + . .        a - +4 glaive (protect)
rCold   + . .        (shield currently unavailable)
rNeg    + + +        W - +2 chain mail {rC+}
rPois   +            c - +1 helmet
rElec   .            C - +2 cloak
rCorr   .            o - +1 pair of gloves
SInv    .            (no boots)
Will    .....        Q - amulet of reflection Stlth
                     y - ring of protection from fire
HPRegen 0.41/turn    L - ring of poison resistance
MPRegen 0.18/turn

%: reflection
@: lethally poisoned (-4 -> -6), sleeping, weak-willed, afraid, under a
protective aura, glowing, studying 2 skills
A: (nimble swimmer 2), mertail
a: Renounce Religion, Divine Shield, Cleansing Flame, Summon Divine Warrior


You were on level 1 of the Shoals.
You worshipped the Shining One.
The Shining One was exalted by your worship.
You visited 5 branches of the dungeon, and saw 22 of its levels.
You also visited: Ossuary and Volcano.

You collected 2745 gold pieces.
You spent 717 gold pieces at shops.

Inventory:

Hand Weapons
 a - a +4 glaive of protection (weapon)
 b - a +2 glaive of flaming
 T - a +2 bardiche of holy wrath
Missiles
 e - 10 javelins
 n - 17 boomerangs (quivered)
 s - 18 poisoned darts
 x - 4 silver javelins
 H - 5 curare-tipped darts
 I - 3 silver boomerangs
Armour
 c - a +1 helmet (worn)
 o - a +1 pair of gloves (worn)
 C - a +2 cloak (worn)
 G - +0 acid dragon scales
 K - a +4 ring mail of fire resistance
 W - a +2 chain mail of cold resistance (worn)
Jewellery
 y - a ring of protection from fire (left hand)
 J - a ring of protection from fire
 L - a ring of poison resistance (right hand)
 N - a ring of ice
 Q - an amulet of reflection (around neck)
Wands
 t - a wand of iceblast (9)
 v - a wand of flame (5)
 F - a wand of quicksilver (19)
Scrolls
 f - 9 scrolls of teleportation
 h - 4 scrolls of blinking
 l - 3 scrolls of immolation
 m - 2 scrolls of identify
 p - a scroll of butterflies
 w - 9 scrolls of magic mapping
 A - a scroll of fear
 D - 3 scrolls of fog
 R - a scroll of silence
 U - a scroll of poison
Potions
 g - 3 potions of attraction
 i - 2 potions of flight
 j - 2 potions of magic
 k - 4 potions of ambrosia
 q - 16 potions of curing
 z - 3 potions of cancellation
 B - 4 potions of mutation
 E - 4 potions of lignification
 M - 4 potions of might
 O - 5 potions of haste


   Skills:
 + Level 14.0 Fighting
 * Level 18.1 Polearms
 + Level 13.3 Throwing
 * Level 10.8 Armour
 + Level 13.2 Dodging
 + Level 10.6 Invocations


You had 14 spell levels left.
You didn't know any spells.
Your spell library contained the following spells:

 Spells                   Type           Power      Damage    Failure   Level
 Kiss of Death            Conj/Necr      0%         2d5       90%         1
 Blink                    Tloc           0%         N/A       97%         2
 Cigotuvi's Dreadful Rot  Necr/Pois/Air  0%         N/A       97%         2
 Confusing Touch          Hex            0%         N/A       99%         3
 Ignite Poison            Fire/Tmut/Pois 0%         N/A       99%         3
 Vhi's Electric Charge    Tloc/Air       0%         N/A       99%         3
 Dispel Undead            Necr           0%         3d6       100%        4
 Manifold Assault         Tloc           0%         N/A       100%        4
 Arcjolt                  Conj/Air       0%         1d10      100%        5
 Freezing Cloud           Conj/Ice/Air   0%         6-21      100%        5
 Summon Forest            Summ/Tloc      0%         N/A       100%        5
 Eringya's Noxious Bog    Tmut/Pois      0%         N/A       100%        6
 Storm Form               Tmut/Air       0%         N/A       100%        7
 Summon Hydra             Summ           0%         N/A       100%        7
 Maxwell's Capacitive Co  Air            0%         ∞         100%        8


Dungeon Overview and Level Annotations

Branches:
Dungeon (13/15)            Temple (1/1) D:4            Lair (5/5) D:10
 Shoals (1/4) Lair:2        Snake (0/4) Lair:2        Slime (0/5) Lair:4
    Orc (2/2) D:11            Elf (0/3) Orc:2       Ossuary (visited)
Volcano (visited)
 Vaults: D:13-14

Altars:
Ashenzari
Cheibriados
Dithmenos
Elyvilon
Fedhas
Gozag
Hepliaklqana
Kikubaaqudgha
Makhleb
Nemelex Xobeh
Okawaru
Qazlal
Ru
Sif Muna
Trog
Uskayaw
Vehumet
Wu Jian
Xom
Yredelemnul
Zin
The Shining One
Jiyva

Shops:
D:4 *   D:6 *   D:9 [*(   Orc:2 (*:[


Innate Abilities, Weirdness & Mutations

((You are very nimble when in or above water. (Stealth+, EV+, Speed+++)))
Your lower body shifts to a powerful aquatic tail in water.


Message History

The satyr shoots an arrow.
The arrow closely misses you.
You barely miss the satyr.
The satyr is moderately wounded.
You feel very sick. The faun misses you.
The satyr shoots an arrow.
The arrow hits you!!
You hit the satyr.
The satyr is heavily wounded.
You feel sick. You block the faun's attack.
The satyr shoots an arrow.
The arrow hits you!!
You attempt to attack the satyr, but flinch away in fear!
You feel sick. The faun hits you but does no damage.
You are more poisoned.
You attempt to attack the satyr, but flinch away in fear!
You feel sick.
The satyr shoots an arrow.
The arrow closely misses you.
You attempt to attack the satyr, but flinch away in fear!
You feel sick. The faun hits you but does no damage.
The satyr shoots an arrow.
The arrow hits you but does no damage.
You attempt to attack the satyr, but flinch away in fear!
You feel sick.
The faun hits you from afar with a +2 spear of venom!
The satyr shoots an arrow.
The arrow hits you.
You slice the satyr!!
The satyr is severely wounded.
You feel sick. The faun closely misses you.
The satyr shoots an arrow.
The arrow hits you!
* * * LOW HITPOINT WARNING * * *
You feel sick.
The satyr plays a lulling melody on his pipes!
You fall asleep.
You feel sick.
The faun points at you and mumbles some strange words.
Your willpower is stripped away!
The satyr plays a rousing melody on his pipes!
The faun goes into a battle-frenzy!
You feel sick.
The faun unwields a +2 spear of venom.
It stops dripping with poison.
The faun wields a +0 sling.
The faun shoots a sling bullet.
The sling bullet hits you but does no damage.
The satyr shoots an arrow.
The arrow hits you!!
You die...

..~~~~~~~~..~~~~~.~~....~......
..~≈~~~~~~~~~~~~~~~~...~~~....~
~~~~~~~~~~~~~~~P~~~~...........
~~~~~~...~~~~~~P~~~....#..)....
~~~~~~.###.~~~P(~~.....#####...
~~~~~~.....P~~~)[##.###PP###...
~~~~~~.....)...÷)######PPP...>.
~~~~~~.....)..c.>...##..(......
~~~~~~........c)@÷<..?..~~)P...
~~~~~~........##†.......~~~~...
...~~~........###...[..~.......
...~~~........# ##.~P.~.P.P....
...####.####..# ##.≈...~~.~~...
####...~...######.~~...~≈≈≈....
#~~...~...~~# #....##..~≈≈...P
...~~c.~..~~........##.~~~~~...
...#~.~~~.~#.....###..~~~.~~~~~


You could see a satyr (scary) and a faun (strong).

Vanquished Creatures
  Gastronok (D:8)
  An orc warlord (Orc:2)
  2 merfolk javelineers (Shoals:1)
  A hydra (Lair:5)
  4 catoblepae
  4 boulder beetles
  A centaur warrior (D:12)
  6 two-headed ogres
  A merfolk aquamancer (Lair:2)
  An alligator snapping turtle (Lair:2)
  A hell hog (Volcano)
  16 death yaks
  Urug (D:10)
  An orc high priest (Orc:2)
  2 deep elf knights (D:10)
  Sonja (Lair:5)
  3 skysharks
  3 skeletal warriors (D:11)
  2 sea snakes (Lair:2)
  6 orc knights (Orc:1)
  A deep elf pyromancer (D:11)
  2 fauns (Shoals:1)
  3 salamanders
  7 orc sorcerers
  3 cyclopes
  3 manticores
  13 elephants
  Joseph (D:7)
  2 black mambas
  The ghost of topfpfpflanze the Thaumaturge, a novice FeFE of Vehumet (D:9)
  A gargoyle (D:12)
  9 cane toads
  2 rime drakes (Lair:5)
  An unseen horror (D:12)
  An efreet (D:10)
  8 komodo dragons
  7 merfolk
  2 meliai (Shoals:1)
  7 trolls
  A polar bear (Lair:2)
  Prince Ribbit (D:5)
  5 dream sheep
  6 blink frogs
  2 snapping turtles (Shoals:1)
  3 spriggans (D:9)
  A shadow (D:11)
  2 wraiths
  4 wyverns
  2 basilisks
  58 yaks
  A water elemental (Shoals:1)
  A fire bat (Volcano)
  2 steam dragons
  4 vampire mosquitoes
  Duvessa (D:7)
  6 acid dragons
  11 water moccasins
  2 hell hounds (Volcano)
  2 black bears
  A sky beast (D:8)
  26 orc warriors
  3 ice beasts
  12 ogres
  3 centaurs
  A wolf (D:9)
  2 phantoms
  Blork the orc (D:5)
  3 kobold brigands
  11 bullfrogs
  2 wyvern zombies (Ossuary)
  7 scorpions
  An elf skeleton (D:5)
  4 wights
  Dowan (D:7)
  2 water moccasin zombies (Ossuary)
  2 jellies
  5 killer bees (D:10)
  6 howler monkeys
  An electric eel (Lair:2)
  3 lava snakes (Lair:2)
  3 centaur zombies (Ossuary)
  7 bullfrog zombies (Ossuary)
  3 hounds
  A human zombie (D:5)
  2 gnoll boudas (D:7)
  15 orc priests
  Crazy Yiuf (D:7)
  3 sleepcaps
  4 iguanas
  9 mummies (Ossuary)
  A human skeleton (D:5)
  24 orc wizards
  2 killer bee zombies (Ossuary)
  5 howler monkey zombies (Ossuary)
  9 gnolls
  12 adders
  2 shadow imps
  A white imp (D:5)
  An ufetubus (D:4)
  3 worms
  3 dart slugs
  76 orcs
  5 ball pythons
  8 endoplasms
  5 giant cockroaches
  5 goblins
  2 hobgoblins
  6 jackals (D:2)
  21 kobolds
  2 quokkas (D:1)
  7 bats
  3 frilled lizards
  An orc skeleton (D:5)
  2 orc zombies (D:5)
  4 rats
  A butterfly (Lair:3)
603 creatures vanquished.

Vanquished Creatures (others)
  A howler monkey (D:10)
  An orc (Orc:1)
  14 fungi
  46 plants
  5 withered plants (Ossuary)
67 creatures vanquished.

Grand Total: 670 creatures vanquished

Notes
Turn   | Place    | Note
-------+----------+-------------------------------------------
     0 | D:1      | Majang the Merfolk Gladiator began the quest for the Orb.
     0 | D:1      | Reached XP level 1. HP: 16/16 MP: 1/1
    80 | D:1      | Reached XP level 2. HP: 21/23 MP: 2/2
   480 | D:1      | Reached XP level 3. HP: 28/28 MP: 3/3
  1175 | D:2      | Reached XP level 4. HP: 35/35 MP: 4/4
  1253 | D:2      | Reached skill level 5 in Polearms
  1780 | D:3      | Found a faded altar of an unknown god.
  1934 | D:3      | Reached XP level 5. HP: 28/41 MP: 5/5
  2737 | D:3      | Reached skill level 1 in Armour
  3082 | D:4      | Found a staircase to the Ecumenical Temple.
  3129 | D:3      | Reached XP level 6. HP: 39/48 MP: 6/6
  3271 | Temple   | Entered the Ecumenical Temple
  3271 | Temple   | Found a transporter.
  3271 | Temple   | Found a transporter.
  3273 | Temple   | Found a transporter.
  3273 | Temple   | Found a transporter.
  3302 | Temple   | Became a worshipper of the Shining One
  3339 | D:4      | Found Hixtul Poibb's Assorted Antiques.
  3362 | D:4      | Bought an inky potion for 20 gold pieces
  3362 | D:4      | Bought a cyan potion for 20 gold pieces
  3362 | D:4      | Bought a scroll of identify for 46 gold pieces
  3395 | D:4      | Noticed a black bear
  3407 | D:4      | Killed a black bear
  3421 | D:4      | Reached skill level 1 in Invocations
  3585 | D:4      | Reached skill level 6 in Polearms
  3620 | D:4      | Reached XP level 7. HP: 53/55 MP: 7/7
  3729 | D:4      | Reached skill level 5 in Dodging
  4205 | D:5      | Entered Level 5 of the Dungeon
  4311 | D:5      | Reached XP level 8. HP: 52/61 MP: 9/9
  4473 | D:5      | Found a basalt altar of Yredelemnul.
  4474 | D:5      | Found an ornate altar of the Wu Jian Council.
  4474 | D:5      | Found a snail-covered altar of Cheibriados.
  4505 | D:5      | Found a shimmering blue altar of Sif Muna.
  4546 | D:5      | Reached skill level 5 in Fighting
  4607 | D:5      | Reached * piety under the Shining One
  4619 | D:5      | Reached skill level 7 in Polearms
  4624 | D:5      | Found a sand-covered staircase.
  4643 | Ossuary  | Entered an ossuary
  4759 | Ossuary  | Reached ** piety under the Shining One
  5025 | Ossuary  | Reached skill level 8 in Polearms
  5025 | Ossuary  | Reached XP level 9. HP: 68/68 MP: 11/11
  5080 | Ossuary  | Reached skill level 5 in Throwing
  5086 | Ossuary  | Reached *** piety under the Shining One
  5535 | D:5      | Noticed Blork the orc
  5555 | D:5      | Killed Blork the orc
  5706 | D:5      | Noticed a two-headed ogre
  5728 | D:5      | Killed a two-headed ogre
  5729 | D:5      | Reached skill level 9 in Polearms
  6013 | D:5      | Noticed Prince Ribbit
  6024 | D:5      | Killed Prince Ribbit
  6273 | D:6      | Reached XP level 10. HP: 71/77 MP: 13/13
  6401 | D:6      | Reached skill level 5 in Armour
  6596 | D:6      | Found Tosh's Mayhem Merchandise.
  6878 | D:6      | Found a sparkling altar of Nemelex Xobeh.
  6878 | D:6      | Found an iron altar of Okawaru.
  6974 | D:7      | Noticed Joseph
  7265 | D:7      | Reached skill level 10 in Polearms
  7398 | D:7      | Reached **** piety under the Shining One
  7831 | D:7      | Killed Joseph
  7832 | D:7      | Reached skill level 5 in Invocations
  7941 | D:7      | Noticed Duvessa
  7941 | D:7      | Noticed Dowan
  7956 | D:7      | Killed Duvessa
  7957 | D:7      | Killed Dowan
  8116 | D:7      | Found a runed translucent door.
  8117 | D:7      | Noticed Crazy Yiuf
  8128 | D:7      | Killed Crazy Yiuf
  8689 | D:8      | Found a radiant altar of Vehumet.
  8912 | D:8      | Reached skill level 11 in Polearms
  9064 | D:8      | Reached XP level 11. HP: 84/84 MP: 15/15
  9195 | D:8      | Noticed Gastronok
  9217 | D:8      | Killed Gastronok
  9737 | D:9      | Found Vuteih's Assorted Antiques.
 10003 | D:9      | Bought 2 scrolls labelled IGIROP HOCZOI for 44 gold pieces
 10003 | D:9      | Bought a scroll of enchant armour for 165 gold pieces
 10003 | D:9      | Bought a potion of curing for 66 gold pieces
 10003 | D:9      | Bought a runed ring mail for 154 gold pieces
 10017 | D:8      | Acquired a manual of Fighting
 10020 | D:8      | Acquired a +1 glaive of protection
 10097 | D:9      | Found Bouliv Zyff's Armour Boutique.
 10219 | D:9      | Found a runed translucent door.
 10220 | D:9      | Identified the +8 trident of Xuatt {vamp, rC- Str+6 Int+8
                  | Stlth+}
 10221 | D:9      | Noticed topfpfpflanze's ghost (novice FeFE)
 10256 | D:9      | Found Okain's Antique Weapon Boutique.
 10315 | D:9      | Noticed a +0 dagger
 10316 | D:9      | Noticed a +0 hand axe
 10319 | D:9      | Found a hide-covered altar of Uskayaw.
 10387 | D:9      | Found an ancient bone altar of Kikubaaqudgha.
 10387 | D:9      | Found a blossoming altar of Fedhas.
 10543 | D:9      | Reached skill level 12 in Polearms
 11001 | D:9      | Killed topfpfpflanze's ghost
 11058 | D:10     | Entered Level 10 of the Dungeon
 11076 | D:10     | Found a shimmering altar of Xom.
 11142 | D:10     | Noticed a deep elf knight
 11151 | D:10     | Killed a deep elf knight
 11162 | D:10     | Noticed Urug
 11267 | D:10     | Noticed a +6 long sword
 11267 | D:10     | Noticed a deep elf knight
 11295 | D:10     | Killed a deep elf knight
 11566 | D:10     | Killed Urug
 11727 | D:10     | Reached XP level 12. HP: 58/94 MP: 17/17
 11961 | D:10     | Found a staircase to the Lair.
 12080 | D:10     | Reached skill level 13 in Polearms
 12451 | D:10     | Noticed a two-headed ogre
 12457 | D:10     | Killed a two-headed ogre
 12915 | D:11     | Reached ***** piety under the Shining One
 13117 | D:11     | Reached skill level 10 in Dodging
 13559 | D:11     | Noticed a two-headed ogre
 13564 | D:11     | Killed a two-headed ogre
 13570 | D:11     | Noticed a boulder beetle
 13789 | D:11     | Found a sparkling altar of Nemelex Xobeh.
 13850 | D:11     | Found a staircase to the Orcish Mines.
 14057 | D:11     | Killed a boulder beetle
 14299 | Orc:1    | Entered Level 1 of the Orcish Mines
 14312 | Orc:1    | Paralysed by an orc sorcerer for 5 turns
 14321 | Orc:1    | Paralysed by an orc sorcerer for 3 turns
 14363 | Orc:1    | Reached skill level 10 in Fighting
 14363 | Orc:1    | Reached skill level 14 in Polearms
 14363 | Orc:1    | Reached skill level 10 in Throwing
 14465 | Orc:1    | Paralysed by an orc sorcerer for 4 turns
 15129 | Orc:1    | Reached XP level 13. HP: 104/104 MP: 18/18
 15218 | Orc:2    | Entered Level 2 of the Orcish Mines
 15716 | Orc:2    | Found a staircase to the Elven Halls.
 16263 | Orc:2    | Noticed an orc warlord
 16518 | Orc:2    | Killed an orc warlord
 16519 | Orc:2    | Reached skill level 15 in Polearms
 16722 | Orc:2    | Found Pufacal's General Store.
 16973 | Orc:2    | Found Vasenuoj's Antique Armour Boutique.
 17140 | Orc:2    | Bought a scroll of enchant weapon for 112 gold pieces
 17140 | Orc:2    | Bought a scroll of teleportation for 45 gold pieces
 17140 | Orc:2    | Bought a scroll of teleportation for 45 gold pieces
 17179 | Orc:2    | Found Ofentexy's Antique Weapon Boutique.
 17201 | Orc:2    | Found Gutzics's Book Boutique.
 17364 | Lair:1   | Entered Level 1 of the Lair of Beasts
 17396 | Lair:1   | Identified the +2 buckler of Okawaru's Supremacy {Str+2}
 17426 | Lair:1   | Identified the +0 sling of Compulsion {speed, rC+}
 17482 | Lair:1   | Found a dark tunnel.
 17491 | Volcano  | Entered a volcano
 18587 | Lair:2   | Reached ****** piety under the Shining One
 18659 | Lair:2   | Found a staircase to the Shoals.
 18858 | Lair:2   | Found a staircase to the Snake Pit.
 19037 | Lair:2   | Reached XP level 14. HP: 107/114 MP: 20/20
 19815 | Lair:3   | Reached skill level 16 in Polearms
 20994 | Lair:4   | Found a staircase to the Slime Pits.
 20994 | Lair:4   | Found a viscous altar of Jiyva.
 21175 | Lair:4   | Identified a +2 bardiche of holy wrath (a +0 bardiche
                  | blessed by the Shining One)
 21175 | Lair:4   | Received a gift from the Shining One
 21224 | Lair:5   | Entered Level 5 of the Lair of Beasts
 21863 | Lair:5   | Noticed Sonja
 21988 | Lair:5   | Killed Sonja
 22013 | Lair:5   | Reached skill level 10 in Armour
 22024 | Lair:5   | Reached skill level 17 in Polearms
 23069 | Lair:5   | Reached XP level 15. HP: 124/124 MP: 22/22
 23077 | Lair:5   | Reached skill level 10 in Invocations
 24400 | D:12     | You fall into a shaft and drop 1 floor!
 24903 | Shoals:1 | Entered Level 1 of the Shoals
 26223 | Shoals:1 | Reached skill level 18 in Polearms
 26628 | Shoals:1 | Shot with an arrow by a satyr

Illustrated notes

Levels and vault maps discovered:
D:1:      mainiacjoe_arrival_reflecting_pool, layout_loops_cross
D:2:      layout_basic
D:3:      layout_loops_ring, shapermc_ecumenical_altar_ellora,
          hangedman_decor_push
D:4:      layout_rooms, minmay_temple_entry_proselytizer, serial_shops,
          nicolae_shop_pleasant_corner_grove
D:5:      layout_basic, mainiacjoe_overflow_six_doors_small, minitemple,
          nicolae_ossuary_entry_catacombs, chequers_serial_rivers_micro_d,
          chequers_serial_rivers_micro_d, grunt_ministairs_9, minivault_11,
          minmay_manual_mail, uniq_prince_ribbit1, uniq_blork_the_orc
D:6:      layout_gridville, nicolae_overflow_two_pavilions, minmay_shop_mayhem,
          minmay_misc_feat_pillars, minmay_tree_intersection
D:7:      layout_loops_corners, minivault_22, uniq_joseph,
          uniq_crazy_yiuf_cottage, uniq_duvessa
D:8:      layout_gridville, nicolae_overflow_crystal_walls,
          eino_small_chamber_without_monster, uniq_gastronok
D:9:      layout_long_grid, grunt_temple_overflow_growth_and_decay,
          dancing_weapons_uskayaw, ebering_ghost_funeral_grove, serial_shops,
          nicolae_diamond_shop, nicolae_stop_n_shop_2, shop
D:10:     layout_basic, xom_confusion_cloud, david_lair_generic, sword_in_stone
D:11:     layout_roguey, minmay_orc_entry_temple_small,
          nemelex_lonely_heart_becter
D:12:     layout_layer_cave
D:13:     layout_small_grid, david_vaults_5, nicolae_qazlal_scattered_showers,
          uniq_lodul, uniq_nessos
Temple:   hellmonk_temple_divided_pantheon
Lair:1:   layout_concentric_octagons, nicolae_volcano_entry_hallway,
          grunt_megastairs_5, serial_bayou_shore_b
Lair:2:   layout_loops_ring, elwin_shoals_entry_rooms,
          nicolae_snake_entry_warm_welcome, grunt_megastairs_3,
          infiniplex_staircase_pool
Lair:3:   layout_big_grid, serial_bayou_shore_b, grunt_megastairs_4,
          lemuel_fruit_fields
Lair:4:   layout_gridlike, slime_entry_1, grunt_forest_stairs_basic,
          beast_lair_carwin_9
Lair:5:   evilmike_catoblepas_cave, layout_misc_corridors, st_stairs_3,
          uniq_sonja, uniq_urug
Shoals:1: layout_shoals, regret_index_shoals_crete
Orc:1:    layout_caves
Orc:2:    grunt_orc_cross, layout_caves, guppyfry_library_mini

Skill      XL: |  1  2  3  4  5  6  7  8  9 10 11 12 13 14 15 |
---------------+----------------------------------------------+-----
Fighting       | 3 4 5 6 7 8 10 11 13 14 | 14.0
Polearms       | 5 6 8 9 11 12 14 15 17 18 | 18.1
Throwing       | 3 4 5 7 9 10 11 12 13 | 13.3
Armour         | 1 2 3 4 6 7 8 9 10 | 10.8
Invocations    | 1 2 3 4 5 6 7 9 10 | 10.6
Dodging        | 5 6 7 8 9 10 11 12 13 | 13.2

Action                     |  1- 3 |  4- 6 |  7- 9 | 10-12 | 13-15 || total
---------------------------+-------+-------+-------+-------+-------++-------
  Melee: Trident           |   106 |    83 |   442 |       |       ||   631
         Punch             |     1 |     1 |     9 |       |       ||    11
         Spear             |       |   109 |    47 |    32 |       ||   188
         Tailslap          |       |       |    43 |       |     7 ||    50
         Halberd           |       |       |       |   346 |       ||   346
         Glaive            |       |       |       |   412 |  1063 ||  1475
  Throw: Throwing net      |     1 |       |     2 |     5 |     1 ||     9
         Dart              |       |       |       |     6 |    12 ||    18
         Boomerang         |       |       |       |    23 |    86 ||   109
         Javelin           |       |       |       |       |    10 ||    10
 Invoke: Divine Shield     |       |       |       |     1 |     2 ||     3
         Cleansing Flame   |       |       |       |       |     2 ||     2
         Brand Weapon With |       |       |       |       |     1 ||     1
  Evoke: Wand              |       |       |       |       |     4 ||     4
    Use: Scroll            |       |     7 |     9 |    17 |    12 ||    45
         Potion            |       |     3 |     1 |     6 |     4 ||    14
 Armour: Leather armour    |    22 |       |       |       |       ||    22
         Scale mail        |    13 |    36 |       |       |       ||    49
         Ring mail         |       |    19 |       |   140 |   299 ||   458
         Chain mail        |       |     1 |   213 |   136 |    68 ||   418
  Dodge: Dodged            |    78 |    71 |   194 |   401 |   588 ||  1332
  Block: Other             |       |       |       |    18 |   211 ||   229
         Reflection        |       |       |       |     2 |    13 ||    15

Table legend: (Time is in decaauts)
 A = Elapsed time spent in this place.
 B = Non-inter-level travel time spent in this place.
 C = Inter-level travel time spent in this place.
 D = Time resting spent in this place.
 E = Time spent auto-exploring this place.
 F = Levels seen in this place.
 G = Mean time per level.
                   A        B        C        D        E       F      G
               +--------+--------+--------+--------+--------+-----+--------+
         Total |  26306 |  25377 |    929 |   8166 |   8176 |  24 | 1096.1 |
       Dungeon |  15066 |  14542 |    524 |   3814 |   6912 |  13 | 1158.9 |
        Temple |     56 |     56 |      0 |      0 |      0 |   1 |   56.0 |
          Lair |   7055 |   6708 |    347 |   2847 |    825 |   5 | 1411.0 |
        Shoals |    441 |    441 |      0 |    207 |      0 |   1 |  441.0 |
  Orcish Mines |   2733 |   2677 |     56 |   1010 |    426 |   2 | 1366.5 |
       Ossuary |    585 |    585 |      0 |    223 |     12 |   1 |  585.0 |
       Volcano |    367 |    367 |      0 |     63 |      0 |   1 |  367.0 |
               +--------+--------+--------+--------+--------+-----+--------+

Top non-repeatable levels by time:
  Lair:2: 2184 daAuts
    D:10: 2073 daAuts
  Lair:5: 1852 daAuts
     D:7: 1638 daAuts
   Orc:1: 1576 daAuts
     D:3: 1532 daAuts
    D:11: 1520 daAuts
     D:8: 1412 daAuts
     D:5: 1260 daAuts
  Lair:4: 1251 daAuts
   Orc:2: 1157 daAuts
    D:12: 1125 daAuts
     D:9: 1113 daAuts
  Lair:3: 939 daAuts
     D:4: 936 daAuts
